 Dungeon Crawl Stone Soup version 0.27.1-34-g3ba077fa99 (webtiles) character file.

Game seed: 15715813620747893631

589 ticklebelly the Skirmisher (level 7, -5/96 (99) HPs)
             Began as a Minotaur Berserker on Jan 7, 2022.
             Was a Priest of Trog.
             Slain by an orc warrior (6 damage)
             ... on level 4 of the Dungeon.
             The game lasted 00:06:05 (2684 turns).

ticklebelly the Skirmisher (Minotaur Berserker)     Turns: 2684, Time: 00:06:05

HP:   -5/96 (99)    AC:  7    Str: 24    XL:     7   Next: 15%
MP:   6/6           EV: 11    Int:  4    God:    Trog [***...]
Gold: 83            SH:  0    Dex:  9    Spells: 6/6 levels left

rFire    . . .     SeeInvis +   q - +2 halberd (freeze)
rCold    + . .     Faith    .   (shield currently unavailable)
rNeg     . . .     Spirit   .   m - +3 leather armour {rC+}
rPois    .         Reflect  .   (helmet restricted)
rElec    .         Harm     .   (no cloak)
rCorr    .         Rampage  .   c - +0 pair of gloves
Will     .....                  (no boots)
Stlth    ..........             e - amulet of regeneration
HPRegen  1.26/turn              p - ring of see invisible
MPRegen  0.10/turn              (no ring)

@: berserking, lightly drained, very quick
A: horns 2, retaliatory headbutt
a: Renounce Religion, Berserk, Trog's Hand


You were on level 4 of the Dungeon.
You worshipped Trog.
Trog was most pleased with you.
You visited 1 branch of the dungeon, and saw 4 of its levels.

You collected 83 gold pieces.

Inventory:

Hand Weapons
 a - a +0 hand axe
 q - a +2 halberd of freezing (weapon)
 r - a +0 war axe
Missiles
 n - 10 boomerangs (quivered)
Armour
 c - a +0 pair of gloves (worn)
 m - a +3 leather armour of cold resistance (worn)
Jewellery
 e - an amulet of regeneration (around neck)
 p - a ring of see invisible (left hand)
Wands
 u - a wand of flame (23)
Scrolls
 b - 2 scrolls of identify {unknown}
 d - a scroll of magic mapping {unknown}
 g - a scroll of fear {unknown}
 i - a scroll of immolation {unknown}
 j - 4 scrolls of enchant armour {unknown}
 k - a scroll of blinking {unknown}
 t - a scroll of brand weapon {unknown}
Potions
 f - a potion of berserk rage {unknown}
 h - 4 potions of heal wounds {unknown}
 l - a potion of might {unknown}
 o - a potion of magic {unknown}
 s - a potion of curing {unknown}


   Skills:
 + Level 7.1 Fighting
 + Level 7.1 Axes
 + Level 3.9 Armour
 - Level 2.1 Dodging


You had 6 spell levels left.
You didn't know any spells.
Your spell library was empty.

Dungeon Overview and Level Annotations

Branches:
Dungeon (4/15)             Temple (0/1) D:4

Altars:
Nemelex Xobeh
Okawaru
Yredelemnul

Shops:
D:4 [

Annotations:
D:4 1 transporter


Innate Abilities, Weirdness & Mutations

You have a pair of horns on your head.
You reflexively headbutt those who attack you in melee.


Message History

The orc warrior hits you with a +0 mace!
* * * LOW HITPOINT WARNING * * *
The wight hits you with a +1 scimitar of freezing!
* * * LOW HITPOINT WARNING * * *
You feel drained.
* * * LOW HITPOINT WARNING * * *
The wight freezes you.
* * * LOW HITPOINT WARNING * * *
The howler monkey hoots and howls with incredible vigour!
The wight barely misses you.
You impale the wight!!
You destroy the wight!
Trog accepts your kill.
The centaur hits you but does no damage.
The centaur barely misses you.
The orc warrior hits you with a +0 mace.
* * * LOW HITPOINT WARNING * * *
The howler monkey closely misses you.
The centaur hits you but does no damage.
The centaur kicks you but does no damage.
Your life force feels restored.
You hit the wight.
The wight is moderately damaged.
The wight hits you with a +0 scimitar.
* * * LOW HITPOINT WARNING * * *
You feel drained.
* * * LOW HITPOINT WARNING * * *
The orc warrior closely misses you. The centaur hits you.
* * * LOW HITPOINT WARNING * * *
The centaur kicks you but does no damage.
The howler monkey hits you.
* * * LOW HITPOINT WARNING * * *
You slash the wight! You freeze the wight.
You destroy the wight!
Trog accepts your kill. The centaur hits you.
* * * LOW HITPOINT WARNING * * *
The centaur barely misses you.
The orc warrior hits you with a +0 mace.
You die...

#.# #.# #.##.###.###.####..#. #.#
#.# #####.#.#####......##..#. ..#
#.###............###......... ###
#.##..#########..............
#.##.##...z...##...........#.
#.##.#8.##.##.8#.##........#.
#####.##.#..##.##..#.##.#####..#.
.........#_[.....h.#..#.# #..#.
#####...©#_....)@o.#©...# #..#.
###..#_....c.).#..#.# #.##.
##.#..##.##..#....#####.#..
####.#8.##.##.8#..#.........#
##.##.##.......##..#######.##.
##...#..#########...# #.##.
#.................#.#######.##.
##.).#########.#.##.#..........
#####.## #....#.#.##.##.##.


You could see an orc warrior, a centaur and a howler monkey.

Vanquished Creatures
  A kobold brigand (D:3)
  2 wights (D:4)
  2 hounds (D:4)
  4 orc priests
  4 orc wizards
  2 hound skeletons (D:4)
  4 gnolls (D:3)
  4 adders (D:2)
  A shadow imp (D:4)
  An adder zombie (D:3)
  2 dart slugs
  11 orcs
  4 bats
  6 endoplasms
  2 giant cockroaches
  7 goblins
  3 hobgoblins
  4 jackals (D:1)
  4 quokkas
  6 ball pythons
  2 frilled lizards
  7 kobolds
  6 rats
89 creatures vanquished.

Vanquished Creatures (others)
  A fungus (D:2)
  2 plants (D:2)
3 creatures vanquished.

Grand Total: 92 creatures vanquished

Notes
Turn   | Place    | Note
-------+----------+-------------------------------------------
     0 | D:1      | ticklebelly the Minotaur Berserker began the quest for the
                  | Orb.
     0 | D:1      | Reached XP level 1. HP: 19/19 MP: 0/0
   473 | D:1      | Reached XP level 2. HP: 27/27 MP: 1/1
   791 | D:2      | Reached ** piety under Trog
   792 | D:2      | Reached XP level 3. HP: 29/34 MP: 2/2
  1124 | D:2      | Reached XP level 4. HP: 41/41 MP: 3/3
  1134 | D:2      | Reached skill level 5 in Axes
  1232 | D:2      | Reached skill level 5 in Fighting
  1506 | D:2      | Found a faded altar of an unknown god.
  1575 | D:3      | Reached XP level 5. HP: 50/50 MP: 4/4
  1731 | D:3      | Reached XP level 6. HP: 24/58 MP: 5/5
  1779 | D:3      | Reached *** piety under Trog
  2019 | D:4      | Found Houder's Armour Shop.
  2069 | D:4      | Noticed an orc warrior
  2073 | D:4      | Found a transporter.
  2189 | D:4      | Reached XP level 7. HP: 59/64 MP: 6/6
  2352 | D:4      | Found a transporter.
  2353 | D:4      | Found an iron altar of Okawaru.
  2357 | D:4      | Found a sparkling altar of Nemelex Xobeh.
  2416 | D:4      | Found a basalt altar of Yredelemnul.
  2603 | D:4      | Found a staircase to the Ecumenical Temple.
  2683 | D:4      | HP: 4/96 [centaur (2)]
  2683 | D:4      | HP: 1/96 [howler monkey (3)]
  2684 | D:4      | Slain by an orc warrior

Illustrated notes

Levels and vault maps discovered:
D:1:      roderic_octagonal_star, layout_basic, minmay_split_cup_small
D:2:      layout_loops_corners, shapermc_ecumenical_altar_hornbeckon
D:3:      layout_basic
D:4:      layout_loops_ring, gammafunk_temple_overflow_arena,
          minmay_temple_entry_proselytizer, serial_shops,
          nicolae_shop_window_shopping

Skill      XL: |  1  2  3  4  5  6  7 |
---------------+----------------------+-----
Fighting       | 4 5 6 7 |  7.1
Axes           | 4 5 6 7 |  7.1
Armour         | 3 |  3.9
Dodging        | |  2.1

Action                   |  1- 3 |  4- 6 |  7- 9 || total
-------------------------+-------+-------+-------++-------
Melee: Hand axe          |    50 |    63 |       ||   113
       Headbutt          |     9 |    15 |       ||    24
       Halberd           |       |    40 |    13 ||    53
Invok: Berserk           |       |     1 |     1 ||     2
       Trog's Hand       |       |     1 |       ||     1
 Stab: Sleeping          |     1 |       |       ||     1
Armor: Animal skin       |     6 |       |       ||     6
       Leather armour    |     9 |    29 |     9 ||    47
       Ring mail         |     3 |     8 |       ||    11
Dodge: Dodged            |    42 |    59 |    18 ||   119
